 Dungeon Crawl Stone Soup version 0.31.0-32-g396128a36d (webtiles) character file.

Game seed: 2639913901187451351

8 SacredBeard the Vexing (level 2, 0/19 HPs)
             Began as a Vampire Enchanter on Mar 31, 2024.
             Succumbed to a kobold's poison
             ... on level 1 of the Dungeon.
             The game lasted 00:00:33 (91 turns).

SacredBeard the Vexing (Vampire Enchanter)            Turns: 91, Time: 00:00:33

Health: 0/19       AC:  3    Str:  7    XL:     2   Next: 0%
Magic:  5/5        EV: 11    Int: 17    God:
Gold:   0          SH:  0    Dex: 14    Spells: 5/5 levels left

rFire   . . .        a - +1 dagger
rCold   . . .        (no shield)
rNeg    . . .        d - +0 leather armour
rPois   .            (no helmet)
rElec   .            (no cloak)
rCorr   .            (no gloves)
SInv    +            (no boots)
Will    .....        (no amulet)
Stlth   ++           (no ring)
HPRegen 0.43/turn    (no ring)
MPRegen 0.09/turn

%: no passive effects
@: lethally poisoned (0 -> -5), healing quickly
A: alive, fangs 3, see invisible, vampiric 1
a: Exsanguinate


You were on level 1 of the Dungeon.
You visited 1 branch of the dungeon, and saw 1 of its levels.

Inventory:

Hand Weapons
 a - a +1 dagger (weapon)
Armour
 d - a +0 leather armour (worn)
Potions
 b - a potion of magic {unknown}
 c - 2 potions of invisibility


   Skills:
 * Level 2.2 Short Blades
 + Level 0.1 Armour
 - Level 2.1 Dodging
 - Level 4.4 Stealth
 - Level 2.0 Spellcasting
 - Level 4.4 Hexes


You had 5 spell levels left.
You didn't know any spells.
Your spell library contained the following spells:

 Spells                   Type           Power      Damage    Failure   Level
 Confusing Touch          Hex            16%        N/A       14%         3
 Tukima's Dance           Hex            16%        N/A       14%         3
 Ensorcelled Hibernation  Hex/Ice        18%        N/A       17%         2
 Dazzling Flash           Conj/Hex       18%        N/A       34%         3


Dungeon Overview and Level Annotations

Branches:
Dungeon (1/15)

Altars:


Innate Abilities, Weirdness & Mutations

Your natural rate of healing is accelerated.
You have razor-sharp teeth.
You have supernaturally acute eyesight. (SInv)
You are afflicted with vampirism.


Message History

You hit the hobgoblin but do no damage. The hobgoblin hits you.
You barely miss the hobgoblin. The hobgoblin closely misses you.
You hit the hobgoblin.
The hobgoblin is heavily wounded.
The hobgoblin hits you.
You hit the hobgoblin.
You kill the hobgoblin!
The quokka closely misses you.
You barely miss the quokka. The quokka misses you.
You completely miss the quokka. The quokka bites you.
You closely miss the quokka.
The quokka bites you but does no damage.
You hit the quokka but do no damage. You punch the quokka, but do no damage.
The quokka bites you.
You are too injured to fight recklessly!
You are too injured to fight recklessly!
You are too injured to fight recklessly!
You are too injured to fight recklessly!
You hit the quokka.
The quokka is moderately wounded.
The quokka barely misses you.
You hit the quokka but do no damage. Your bite misses the quokka.
The quokka is moderately wounded.
The quokka completely misses you.
You hit the quokka. You bite the quokka.
You kill the quokka!
You have reached level 2!
You hit the kobold.
The kobold is heavily wounded.
The kobold hits you but does no damage.
You are lethally poisoned!
You hit the kobold but do no damage.
The kobold is heavily wounded.
* * * LOW HITPOINT WARNING * * *
You feel very sick.
The kobold hits you with a +0 short sword of venom.
* * * LOW HITPOINT WARNING * * *
You hit the kobold but do no damage. Your bite misses the kobold.
The kobold is heavily wounded.
You die...

### ## ...
.... #
#.###.#.. #.
........ #.
#.###.# ..
#..#.#)#.#..#
#..#.###.#..#
#...@K......#
>#
##.#.###.#..#
##.#
#.†........#
#..#
###...#####
#..#### ##.$#
#)...[# #..#
#.###.# #..#
#.##... #..#
#.##.#. #..#
######....##


You could see a kobold.

Vanquished Creatures
  A bat (D:1)
  3 endoplasms (D:1)
  A hobgoblin (D:1)
  A quokka (D:1)
6 creatures vanquished.

Notes
Turn   | Place    | Note
-------+----------+-------------------------------------------
     0 | D:1      | SacredBeard the Vampire Enchanter began the quest for the
                  | Orb.
     0 | D:1      | Reached XP level 1. HP: 13/13 MP: 3/3
    89 | D:1      | Reached XP level 2. HP: 7/19 MP: 5/5
    91 | D:1      | Succumbed to a kobold's poison

Illustrated notes

Levels and vault maps discovered:
D:1:      roderic_crossed_star, layout_loops_ring, minmay_surrounded

Skill      XL: |  1 |
---------------+----+-----
Short Blades   | 2 |  2.2
Armour         | |  0.1
Dodging        | |  2.1
Stealth        | |  4.4
Spellcasting   | |  2.0
Hexes          | |  4.4

Action                     || total
---------------------------++-------
  Melee: Dagger            ||    30
         Bite              ||     4
         Punch             ||     1
 Armour: Leather armour    ||    15
  Dodge: Dodged            ||    22
